 Dungeon Crawl Stone Soup version 0.29.1-15-g9cfb28693d (webtiles) character file.

Game seed: 7315946879579689762

61 JeLyseng the Chopper (level 4, -4/35 HPs)
             Began as a Human Berserker on Mar 25, 2023.
             Was a Believer of Trog.
             Slain by a gnoll
             ... wielding a +0 whip
              (5 damage)
             ... on level 3 of the Dungeon.
             The game lasted 00:24:57 (2986 turns).

JeLyseng the Chopper (Human Berserker)              Turns: 2986, Time: 00:24:58

Health: -4/35      AC:  5    Str: 19    XL:     4   Next: 27%
Magic:  4/4        EV:  6    Int:  7    God:    Trog [**....]
Gold:   72         SH:  0    Dex: 13    Spells: 3/3 levels left

rFire   . . .      SeeInvis .   o - +2 dagger (venom)
rCold   . . .      Faith    +   (no shield)
rNeg    . . .      Spirit   .   q - +0 ring mail
rPois   .          Reflect  .   (no helmet)
rElec   .          Harm     .   (no cloak)
rCorr   .          Rampage  .   (no gloves)
Will    .....                   (no boots)
Stlth   +.........              r - amulet of faith
HPRegen 0.11/turn               (no ring)
MPRegen 0.09/turn               (no ring)

@: held, invisible
A: no striking features
a: Renounce Religion, Berserk, Trog's Hand


You were on level 3 of the Dungeon.
You worshipped Trog.
Trog was pleased with you.
You visited 1 branch of the dungeon, and saw 3 of its levels.

You collected 72 gold pieces.

Inventory:

Hand Weapons
 a - a +0 hand axe
 o - a +2 dagger of venom (weapon)
Missiles
 p - 4 poisoned darts (quivered)
Armour
 b - a +0 animal skin
 q - a +0 ring mail (worn)
Magical Staves
 n - a staff of poison
Jewellery
 r - an amulet of faith (around neck)
Scrolls
 d - 2 scrolls of amnesia {unknown}
 e - a scroll of enchant armour {unknown}
 h - a scroll of blinking {unknown}
 j - a scroll of identify {unknown}
 k - a scroll of poison {unknown}
 m - a scroll of teleportation {unknown}
Potions
 f - 3 potions of curing {unknown}
 g - a potion of attraction {unknown}
 i - a potion of degeneration {unknown}
 l - a potion of berserk rage {unknown}


   Skills:
 + Level 3.2 Fighting
 + Level 3.9 Axes
 + Level 2.1 Armour
 + Level 2.7 Dodging
 + Level 1.0 Stealth


You had 3 spell levels left.
You didn't know any spells.
Your spell library contained the following spells:

 Spells                   Type           Power      Damage    Failure   Level
 Static Discharge         Conj/Air       0%         3-3/arc   75%         2
 Gell's Gravitas          Tloc           0%         N/A       93%         3
 Lesser Beckoning         Tloc           0%         N/A       93%         3
 Teleport Other           Tloc           0%         N/A       93%         3
 Dispel Undead            Necr           0%         3d6       100%        4
 Sticky Flame             Conj/Fire      0%         2d3       100%        4


Dungeon Overview and Level Annotations

Branches:
Dungeon (3/15)

Altars:


Message History

You continue putting on your amulet of faith. x5
You finish putting on your amulet of faith.
You feel a surge of divine interest.
r - an amulet of faith (around neck)
You see here a hobgoblin corpse.
Found 11 gold pieces.
You see here a +0 leather armour.
You now have 67 gold pieces (gained 11).
You see here a +0 club.
Things that are here:
a +0 club; a +0 club
Found 5 gold pieces.
You now have 72 gold pieces (gained 5).
There is a stone staircase leading down here.
You climb downwards.
The gnoll shouts! x2; The kobold shouts!
You hear an angry hiss.
Found a ring mail.
There is a stone staircase leading up here.
The gnoll closely misses you.
The gnoll throws a throwing net.
The throwing net hits you.
You become entangled in the net!
You stop ascending the stairs.
You struggle against the net.
The rat bites you but does no damage. The gnoll barely misses you.
You struggle against the net.
The rat completely misses you.
A hobgoblin comes into view.
The gnoll barely misses you.
The gnoll hits you from afar with a +0 spear!
You struggle against the net.
The hobgoblin shouts!
The gnoll hits you with a +0 whip. The rat closely misses you.
The gnoll hits you with a +0 club.
The gnoll hits you from afar with a +0 halberd!
* * * LOW HITPOINT WARNING * * *
The gnoll hits you from afar with a +0 spear!
* * * LOW HITPOINT WARNING * * *
Unknown command.
It was a potion of invisibility.
You fade into invisibility!
The gnoll hits you with a +0 whip.
You die...

#.# #####
#.#
.........
....g[..# .
....#.# ...
..gg#
....K#g.####
......g@r..#
........##.#
.........
##..#....#
## ##.#.. ..
... .# ...
.. ....


You could see 4 gnolls, a hobgoblin (unable to see you), a kobold (unable to see
you) and a rat (unable to see you).

Vanquished Creatures
  3 adders (D:2)
  2 dart slugs (D:1)
  2 endoplasms
  A giant cockroach (D:1)
  2 hobgoblins (D:2)
  A quokka (D:1)
  2 ball pythons
  5 bats
  3 frilled lizards (D:1)
  4 goblins
  4 kobolds
  2 rats (D:1)
31 creatures vanquished.

Vanquished Creatures (others)
  7 fungi (D:1)
  7 plants (D:1)
14 creatures vanquished.

Grand Total: 45 creatures vanquished

Notes
Turn   | Place    | Note
-------+----------+-------------------------------------------
     0 | D:1      | JeLyseng the Human Berserker began the quest for the Orb.
     0 | D:1      | Reached XP level 1. HP: 18/18 MP: 1/1
   597 | D:1      | Reached XP level 2. HP: 14/24 MP: 2/2
   841 | D:1      | Found a faded altar of an unknown god.
  1371 | D:1      | Reached XP level 3. HP: 26/29 MP: 3/3
  2338 | D:2      | Reached skill level 1 in Stealth
  2448 | D:2      | Reached ** piety under Trog
  2449 | D:2      | Reached XP level 4. HP: 24/35 MP: 4/4
  2985 | D:3      | HP: 1/35 [gnoll/+0 spear (7)]
  2986 | D:3      | Slain by a gnoll

Illustrated notes

Levels and vault maps discovered:
D:1:      co_arrival_hall_of_pillars, layout_loops_ring,
          shapermc_ecumenical_altar_mp_urbaneastern
D:2:      layout_basic, serial_corexii_hall, corexii_hall_statues_s,
          corexii_hall_statues_x, chequers_mini_garden,
          chequers_serial_rivers_small_b
D:3:      layout_rooms, uniq_ijyb

Skill      XL: |  1  2  3 |
---------------+----------+-----
Stealth        | 1 |  1.0
Fighting       | |  3.2
Axes           | |  3.9
Armour         | |  2.1
Dodging        | |  2.7

Action                   |  1- 3 |  4- 6 || total
-------------------------+-------+-------++-------
Melee: Hand axe          |   105 |       ||   105
       Punch             |     1 |       ||     1
       Dagger            |    21 |    13 ||    34
Throw: Dart              |     2 |       ||     2
  Use: Potion            |       |     1 ||     1
Armor: Animal skin       |    30 |       ||    30
       Ring mail         |     2 |     7 ||     9
Dodge: Dodged            |    91 |    10 ||   101
